 Dungeon Crawl Stone Soup version 0.28-a0-1412-gf95308ed99 (webtiles) character file.

Game seed: 6594479819381009709

246 frimble the Grasshopper (level 5, -2/41 HPs)
             Began as a Demonspawn Warper on Jan 7, 2022.
             Slain by Duvessa (3 damage)
             ... on level 5 of the Dungeon.
             The game lasted 00:06:43 (4182 turns).

frimble the Grasshopper (Demonspawn Warper)         Turns: 4182, Time: 00:06:44

Health: -2/41      AC:  8    Str: 17    XL:     5   Next: 84%
Magic:  8/8        EV: 12    Int: 17    God:
Gold:   134        SH:  0    Dex: 12    Spells: 8/8 levels left

rFire   . . .      SeeInvis .   a - +0 short sword
rCold   . . .      Faith    .   (no shield)
rNeg    . . .      Spirit   .   j - +2 leather armour {Will+}
rPois   .          Reflect  .   e - +1 helmet
rElec   .          Harm     .   (no cloak)
rCorr   +          Rampage  .   g - +0 pair of gloves
Will    +....                   (no boots)
Stlth   +.........              (no amulet)
HPRegen 0.13/turn               k - +6 ring of strength
MPRegen 0.11/turn               o - ring of resist corrosion

@: no status effects
A: demonic magic 1, demonic touch 2
a: no special abilities


You were on level 5 of the Dungeon.
You visited 1 branch of the dungeon, and saw 5 of its levels.

You collected 134 gold pieces.

Inventory:

Hand Weapons
 a - a +0 short sword (weapon)
Missiles
 d - 2 boomerangs of dispersal (quivered)
Armour
 e - a +1 helmet (worn)
 g - a +0 pair of gloves (worn)
 j - a +2 leather armour of willpower (worn)
Jewellery
 k - a +6 ring of strength (left hand)
 n - an amulet of faith
 o - a ring of resist corrosion (right hand)
 p - a ring of fire
Scrolls
 i - a scroll of holy word {unknown}
Potions
 b - 2 potions of flight
 f - a potion of brilliance
 h - a potion of magic
 m - 2 potions of curing


   Skills:
 + Level 3.2 Fighting
 + Level 2.9 Short Blades
 + Level 2.3 Throwing
 - Level 0.9 Armour
 + Level 2.8 Dodging
 - Level 2.1 Spellcasting
 + Level 3.6 Translocations


You had 8 spell levels left.
You didn't know any spells.
Your spell library contained the following spells:

 Spells                   Type           Power      Damage    Failure   Level
 Blink                    Tloc           28%        N/A       8%          2
 Gell's Gravitas          Tloc           14%        N/A       16%         3
 Lesser Beckoning         Tloc           14%        N/A       16%         3
 Teleport Other           Tloc           14%        N/A       16%         3
 Ozocubu's Armour         Ice            1%         N/A       56%         3
 Manifold Assault         Tloc           14%        N/A       82%         5
 Metabolic Englaciation   Hex/Ice        0%         N/A       99%         5
 Simulacrum               Ice/Necr       0%         N/A       100%        6


Dungeon Overview and Level Annotations

Branches:
Dungeon (5/15)
 Temple: D:4-7

Altars:

Annotations:
D:4 Menkaure
D:5 Dowan, Duvessa


Innate Abilities, Weirdness & Mutations

Spells you cast may paralyse adjacent enemies.
Your touch may inflict irresistible damage on your foes.


Message History

You hit Duvessa but do no damage.
Duvessa is severely wounded.
Duvessa hits you with a +0 short sword.
You hit Duvessa.
Duvessa is almost dead.
Duvessa gestures with her weapon.
Duvessa hits you with a +0 short sword. Duvessa barely misses you.
You hit Duvessa.
Duvessa is almost dead.
Duvessa closely misses you.
You barely miss Duvessa. Your touch misses Duvessa.
Duvessa is almost dead.
Duvessa closely misses you. Duvessa hits you but does no damage.
You hit Duvessa but do no damage.
Duvessa is almost dead.
Duvessa hits you but does no damage.
You hit Duvessa but do no damage.
Duvessa is almost dead.
Duvessa barely misses you.
You completely miss Duvessa. Your touch misses Duvessa.
Duvessa is almost dead.
Duvessa barely misses you. Duvessa hits you but does no damage.
You barely miss Duvessa.
Duvessa is almost dead.
Duvessa hits you with a +0 short sword.
* * * LOW HITPOINT WARNING * * *
You hit Duvessa but do no damage.
Duvessa is almost dead.
Duvessa hits you with a +0 short sword.
* * * LOW HITPOINT WARNING * * *
Duvessa hits you with a +0 short sword.
* * * LOW HITPOINT WARNING * * *
Throw: 3 boomerangs (disperse)
Press: ? - help, Q - select action Shift-Dir - straight line, f/p - Duvessa
Aim: Duvessa, wielding a +0 short sword and wearing a +0 ring mail (almost dead, fast, 67% to hit)
You throw a boomerang of dispersal.
The boomerang of dispersal hits Duvessa but does no damage.
Duvessa is almost dead.
Duvessa closely misses you. Duvessa hits you with a +0 short sword.
You die...

## e. #e #.
###.#### ##
#^.ee@.#
#.###.#.##.#
#..#.#....# ##
#.#.###..# #.##
##..##...#
#.###.#......#
####..#..######.#
#..†...### #.#
###.###### #.#


You could see Duvessa (fast) and Dowan.

Vanquished Creatures
  A scorpion (D:5)
  An orc priest (D:3)
  5 gnolls
  4 adders
  A worm (D:3)
  4 dart slugs
  5 orcs
  7 endoplasms
  2 giant cockroaches
  3 goblins
  6 hobgoblins
  8 kobolds
  4 quokkas
  5 ball pythons
  5 bats
  2 frilled lizards (D:3)
  5 rats
68 creatures vanquished.

Notes
Turn   | Place    | Note
-------+----------+-------------------------------------------
     0 | D:1      | frimble the Demonspawn Warper began the quest for the Orb.
     0 | D:1      | Reached XP level 1. HP: 16/16 MP: 3/3
   107 | D:1      | Reached skill level 1 in Throwing
   299 | D:1      | Gained mutation: Your touch may inflict minor irresistible
                  | damage on your foes. [demonic ancestry]
   299 | D:1      | Reached XP level 2. HP: 9/22 MP: 5/5
  1093 | D:1      | Gained mutation: Your touch may inflict irresistible damage
                  | on your foes. [demonic ancestry]
  1093 | D:1      | Reached XP level 3. HP: 26/27 MP: 6/6
  1525 | D:2      | Reached XP level 4. HP: 34/34 MP: 7/7
  2732 | D:3      | Gained mutation: Spells you cast may paralyse adjacent
                  | enemies. [demonic ancestry]
  2732 | D:3      | Reached XP level 5. HP: 37/40 MP: 8/8
  3174 | D:4      | Noticed Menkaure
  3966 | D:5      | Entered Level 5 of the Dungeon
  4157 | D:5      | Noticed Duvessa
  4157 | D:5      | Noticed Dowan
  4181 | D:5      | HP: 1/41 [Duvessa (3)]
  4182 | D:5      | Slain by Duvessa

Illustrated notes

Levels and vault maps discovered:
D:1:      scummos_arrival_forest, layout_basic, grunt_decor_junction
D:2:      layout_rooms, serial_co_window_serial, co_window_corner_a,
          co_window_of_opportunity_a, co_window_corner_a, co_window_paths_a,
          co_window_of_opportunity_a, co_window_corner_a, co_window_broadway_c,
          co_window_of_opportunity_b, co_window_of_opportunity_c,
          co_window_4corner_a, co_window_paths_e, glass_columns_c,
          glass_columns_c, glass_columns_b, glass_columns_a, grunt_ministairs_2
D:3:      layout_basic, kennysheep_generic_room_8
D:4:      layout_loops_ring, minmay_temple_entry_mist, feat_on_display,
          uniq_menkaure
D:5:      layout_loops_cross, lightli_temple_of_fire, serial_shops,
          shop_scrolls, uniq_duvessa, uniq_blork_the_orc

Skill      XL: |  1  2  3  4  5 |
---------------+----------------+-----
Throwing       | 1 2 |  2.3
Short Blades   | 2 |  2.9
Dodging        | 2 |  2.8
Translocations | 3 |  3.6
Fighting       | 3 |  3.2
Armour         | |  0.9
Spellcasting   | |  2.1

Action                   |  1- 3 |  4- 6 || total
-------------------------+-------+-------++-------
Melee: Short sword       |    98 |   171 ||   269
       Punch             |     1 |     3 ||     4
       Touch             |    14 |    30 ||    44
Throw: Boomerang         |     2 |     1 ||     3
       Throwing net      |       |     4 ||     4
  Use: Scroll            |       |     6 ||     6
Armor: Leather armour    |    43 |    61 ||   104
Dodge: Dodged            |    55 |    89 ||   144

Table legend: (Time is in decaauts)
 A = Elapsed time spent in this place.
 B = Non-inter-level travel time spent in this place.
 C = Inter-level travel time spent in this place.
 D = Time resting spent in this place.
 E = Time spent auto-exploring this place.
 F = Levels seen in this place.
 G = Mean time per level.
                   A        B        C        D        E       F      G
               +--------+--------+--------+--------+--------+-----+--------+
         Total |   4181 |   4077 |    104 |      0 |   3309 |   5 |  836.2 |
       Dungeon |   4181 |   4077 |    104 |      0 |   3309 |   5 |  836.2 |
               +--------+--------+--------+--------+--------+-----+--------+

Top non-repeatable levels by time:
     D:1: 1495 daAuts
     D:2: 965 daAuts
     D:3: 829 daAuts
     D:4: 675 daAuts
     D:5: 214 daAuts
